 Dungeon Crawl Stone Soup version 0.17-a0-1945-gfe993df (webtiles) character file.

23352 4thArraOfDagon the Severer (level 13, -7/117 HPs)
             Began as a Naga Berserker on Sept 30, 2015.
             Was a High Priest of Trog.
             Killed from afar by a deep elf high priest (34 damage)
             ... with a burst of hellfire
             ... on level 1 of the Elven Halls.
             The game lasted 00:31:01 (5137 turns).

4thArraOfDagon the Severer (Naga Berserker)         Turns: 5137, Time: 00:31:01

Health: -7/117     AC: 24    Str: 27    XL:     13   Next: 6%
Magic:  5/5        EV: 10    Int:  9    God:    Trog [*****.]
Gold:   626        SH:  0    Dex: 10    Spells: 0 memorised, 12 levels left

rFire  . . .     SeeInvis +     h - +3 battleaxe (antimagic)
rCold  . . .     Clarity  .     i - +0 plate armour {MR+}
rNeg   . . .     SustAt   .     (no shield)
rPois  +         Gourm    .     r - +2 helmet
rElec  .         Spirit   .     E - +2 cloak
rCorr  .         Warding  .     J - +2 pair of gloves {Str+3}
rMut   .         Stasis   .     (no barding)
MR     ++++.                    (no amulet)
Stlth  ..........               (no ring)
                                b - +4 ring of evasion

@: exhausted, regenerating, slowed, drained, very slow, incredibly resistant to
hostile enchantments, extremely unstealthy
A: see invisible, deformed body, poison resistance, slowness 2, slow metabolism
1, spit poison 2, constrict 1, AC +4
a: Spit Poison, Burn Spellbooks, Berserk, Trog's Hand, Brothers in Arms,
Renounce Religion


You were on level 1 of the Elven Halls.
You worshipped Trog.
Trog was extremely pleased with you.
You were near starving.

You visited 3 branches of the dungeon, and saw 17 of its levels.
You also visited: Ice Cave.

You collected 1341 gold pieces.
You spent 715 gold pieces at shops.

Inventory:

Hand weapons
 f - a +0 war axe
 h - a +3 antimagic battleaxe (weapon)
 t - a +0 battleaxe
 y - a +1 war axe of draining
 F - a +2 hand axe of freezing
Missiles
 w - 7 exploding tomahawks (quivered)
Armour
 i - a +0 plate armour of magic resistance (worn)
 r - a +2 helmet (worn)
 B - a troll hide {Snorg}
 E - a +2 cloak (worn)
 J - a +2 pair of gloves of strength (worn)
Jewellery
 b - a +4 ring of evasion (left hand)
Magical devices
 g - a wand of cold (2)
 x - a wand of cold (6)
 C - a wand of magic darts (4)
Scrolls
 d - 5 scrolls of remove curse
 k - a scroll of summoning {unknown}
 n - a scroll of amnesia {unknown}
 q - a scroll of identify
 s - 2 scrolls of teleportation {unknown}
 A - a scroll of silence {unknown}
 D - a scroll of acquirement {unknown}
 H - 2 scrolls of fog {unknown}
 I - a scroll of brand weapon {unknown}
 L - a scroll of blinking
 M - a scroll of holy word {unknown}
Potions
 a - a potion of agility
 e - 2 potions of invisibility
 l - 3 potions of resistance
 m - a potion of cancellation
 p - 3 potions of heal wounds
 G - 2 potions of curing {unknown}
Books
 v - a Necronomicon

   Spells                             Type                      Level
   a - Haunt                          Necromancy/Summoning         7
   b - Borgnjor's Revivification      Necromancy                   8
   c - Death's Door                   Charms/Necromancy            8
   d - Necromutation                  Transmutation/Necromancy     8
   Trog disapproves of the use of such an item.
Miscellaneous
 K - an ornate deck of summoning
Comestibles
 c - 4 bread rations
 j - 7 fruits
 o - 10 royal jellies
 u - 7 chunks of flesh
 z - 2 beef jerkies


   Skills:
 - Level 8.2(8.1) Fighting
 * Level 15.8(15.7) Axes
 + Level 9.7(9.6) Armour
 - Level 1.5(1.4) Dodging
 - Level 3.4(3.3) Evocations


You had 12 spell levels left.
You didn't know any spells.

Dungeon Overview and Level Annotations

Branches:
Dungeon (12/15)               Orc (4/4) D:12            Elf (1/3) Orc:4
 Temple: D:4-7         Lair: D:8-11

Altars:
Ashenzari
Gozag
Trog
Lugonu

Shops:
Orc:3 [   Orc:4 [(}%   Elf:1 (

Annotations:
D:8 Erica
D:10 4thArraOfDagon's ghost, experienced TeMo
Elf:1 exclusion: ice statue


Innate Abilities, Weirdness & Mutations

You cannot wear boots.
Your serpentine skin is tough (AC +4).
You have supernaturally acute eyesight.
Armour fits poorly on your strangely shaped body.
Your system is resistant to poisons.
You cover ground very slowly.
You have a slow metabolism.
You can spit poison.
You can use your snake-like lower body to constrict enemies.


Message History

Something smites you!
* * * LOW HITPOINT WARNING * * *
The deep elf high priest barely misses your ogre.
Your ogre closely misses the deep elf high priest.
Unknown command.
Use which ability?
Your two-headed ogre goes berserk!
You feel somewhat more hungry.
Your ogre barely misses the deep elf high priest.
The deep elf high priest hits your ogre with a scimitar of holy wrath!!
Your ogre dies!
Your ogre's corpse disappears in a puff of smoke!
Unknown command.
Unknown command.
Eat one of 7 chunks of flesh? (ye/n/q/i?)
Okay, then.
Unknown command.
The deep elf high priest mumbles some strange prayers to its god against you.
The hellfire explodes!
The burst of hellfire engulfs you!
You die...

#+##.# .....
#.##.#......
#....#)..... .
##.#.).ee.8..
##.######.###e#.....
.........## #)# ....
#.#....## #.# ..
...#.##..## #.####.###
#### #.#.###.@O......
#....#..########
####..###
#.#####..######
..............#
.######.......#########
#...........#.....#
#...........#.###.#
..................#.#


You could see a deep elf high priest and a friendly two-headed ogre (berserk).

Vanquished Creatures
  A deep elf annihilator (Elf:1)
  Snorg (D:12)
  Erolcha (D:11)
  A deep elf knight (Elf:1)
  A deep elf summoner (Elf:1)
  4 deep elf conjurers (Elf:1)
  4 hill giants
  2 orc sorcerers (Orc:4)
  2 cyclopes
  Joseph (D:7)
  2 kobold demonologists (D:10)
  2 trolls
  5 slime creatures
  A two-headed ogre (D:9)
  A wind drake (shapeshifter) (Elf:1)
  Prince Ribbit (D:6)
  2 wyverns
  6 deep elf magi (Elf:1)
  A wraith (D:12)
  5 humans
  5 yaks (D:12)
  A hippogriff (D:10)
  6 deep elf fighters (Elf:1)
  A warg (Orc:3)
  A steam dragon (D:11)
  12 orc warriors
  A phantom (D:7)
  7 ice beasts
  8 ogres
  2 black bears (D:10)
  3 centaurs
  A necrophage (D:5)
  A wyvern zombie (D:10)
  A giant frog (D:7)
  A wyvern skeleton (D:9)
  A water moccasin skeleton (D:6)
  7 killer bees (D:12)
  A giant frog zombie (D:11)
  A crimson imp (D:5)
  5 hounds
  A centaur skeleton (D:10)
  7 jellies
  26 orc wizards
  13 orc priests
  A giant frog skeleton (D:9)
  An iguana (D:7)
  7 worker ants
  A hound zombie (D:6)
  2 hound skeletons
  A worker ant zombie (D:5)
  An adder (D:6)
  A gnoll (D:10)
  A shadow imp (D:6)
  12 white imps (Orc:1)
  5 oozes (D:11)
  An adder zombie (D:6)
  3 giant geckos
  126 orcs
  2 giant cockroaches
  4 hobgoblins
  8 jackals
  4 kobolds
  A ball python (D:1)
  3 bats
  3 giant newts
  5 goblins
  2 quokkas
  A rat (D:2)
353 creatures vanquished.

Vanquished Creatures (collateral kills)
  An orc high priest (Orc:4)
  A deep elf knight (Elf:1)
  A deep elf conjurer (Elf:1)
  2 orc sorcerers (Orc:4)
  3 orc warriors (Orc:4)
  7 orc wizards (Orc:4)
  2 orc priests (Orc:4)
  5 orcs (Orc:4)
22 creatures vanquished.

Vanquished Creatures (others)
  2 deep elf knights (Elf:1)
2 creatures vanquished.

Grand Total: 377 creatures vanquished

Notes
Turn   | Place    | Note
--------------------------------------------------------------
     0 | D:1      | 4thArraOfDagon the Naga Berserker began the quest for the Orb.
     0 | D:1      | Reached XP level 1. HP: 21/21 MP: 1/1
    88 | D:1      | Reached XP level 2. HP: 16/28 MP: 2/2
   166 | D:2      | Found a shattered altar of Ashenzari.
   309 | D:3      | Reached XP level 3. HP: 34/34 MP: 3/3
   537 | D:5      | Entered Level 5 of the Dungeon
   550 | D:4      | Acquired Trog's second power
   576 | D:5      | Reached skill level 4 in Axes
   576 | D:5      | Reached XP level 4. HP: 43/43 MP: 4/4
   637 | D:5      | Noticed a necrophage
   640 | D:5      | Killed a necrophage
   640 | D:5      | Reached XP level 5. HP: 50/50 MP: 5/5
   742 | D:6      | Noticed a human
   742 | D:6      | Noticed a human
   744 | D:6      | Noticed a human
   747 | D:6      | Noticed a human
   749 | D:6      | Killed a human
   749 | D:6      | Reached skill level 5 in Axes
   749 | D:6      | Reached XP level 6. HP: 58/58 MP: 6/6
   767 | D:5      | Killed a human
   767 | D:5      | Reached XP level 7. HP: 39/66 MP: 7/7
   782 | D:5      | Killed a human
   782 | D:5      | Reached skill level 6 in Axes
   804 | D:5      | Reached skill level 5 in Fighting
   830 | D:6      | Killed a human
   853 | D:5      | Noticed a centaur
   922 | D:6      | Noticed Prince Ribbit
   945 | D:6      | Noticed a human
   950 | D:6      | Killed a human
   950 | D:6      | Reached skill level 7 in Axes
   950 | D:6      | Reached XP level 8. HP: 75/75 MP: 8/8
   969 | D:6      | You fall through a shaft for 2 floors!
   970 | D:8      | :(
  1095 | D:8      | Noticed Erica
  1123 | D:9      | Found an opulent altar of Gozag.
  1138 | D:10     | Entered Level 10 of the Dungeon
  1138 | D:10     | Noticed a hill giant
  1142 | D:10     | Killed a hill giant
  1142 | D:10     | Reached skill level 8 in Axes
  1228 | D:11     | Reached XP level 9. HP: 84/84 MP: 9/9
  1259 | D:11     | Noticed a slime creature
  1267 | D:11     | Killed a slime creature
  1267 | D:11     | Reached skill level 5 in Armour
  1384 | D:11     | Noticed a hill giant
  1395 | D:11     | Killed a hill giant
  1395 | D:11     | Reached skill level 9 in Axes
  1508 | D:10     | Noticed 4thArraOfDagon's ghost (experienced TeMo)
  1529 | D:9      | Noticed a two-headed ogre
  1539 | D:9      | Killed a two-headed ogre
  1557 | D:9      | Reached skill level 10 in Axes
  1672 | D:9      | Found a bloodstained altar of Trog.
  1713 | D:9      | Noticed a troll
  1727 | D:9      | Killed a troll
  1864 | D:10     | Reached XP level 10. HP: 27/94 MP: 10/10
  1914 | D:10     | Noticed a cyclops
  1960 | D:10     | Killed a cyclops
  1989 | D:10     | Noticed a troll
  2000 | D:10     | Killed a troll
  2000 | D:10     | Reached skill level 11 in Axes
  2020 | D:10     | Noticed a kobold demonologist
  2020 | D:10     | why
  2248 | D:7      | Noticed Joseph
  2263 | D:7      | Killed Joseph
  2424 | D:6      | Noticed an orc warrior
  2435 | D:6      | Killed an orc warrior
  2518 | D:6      | Noticed an ice beast
  2522 | D:6      | Killed an ice beast
  2596 | D:5      | Killed a centaur
  2605 | D:5      | Got a transparent leather armour
  2635 | D:6      | Identified the +0 leather armour "Arphesy" {rPois rN+} (You found it on level 5 of the Dungeon)
  2674 | D:6      | Killed Prince Ribbit
  2674 | D:6      | Reached skill level 12 in Axes
  2897 | D:8      | You fall through a shaft for 2 floors!
  2938 | D:10     | Noticed a hill giant
  2948 | D:10     | Killed a hill giant
  3027 | D:10     | Noticed a kobold demonologist
  3035 | D:10     | Killed a kobold demonologist
  3035 | D:10     | Reached XP level 11. HP: 100/100 MP: 11/11
  3038 | D:10     | Killed a kobold demonologist
  3119 | D:10     | Found a corrupted altar of Lugonu.
  3161 | D:11     | Noticed a hill giant
  3174 | D:11     | Killed a hill giant
  3176 | D:11     | Reached skill level 1 in Evocations
  3355 | D:11     | Noticed Erolcha
  3360 | D:11     | Killed Erolcha
  3360 | D:11     | Reached skill level 13 in Axes
  3411 | D:12     | Acquired Trog's third power
  3506 | D:12     | Noticed Snorg
  3516 | D:12     | Killed Snorg
  3640 | D:12     | Found a staircase to the Orcish Mines.
  3664 | D:12     | Noticed a cyclops
  3676 | D:12     | Killed a cyclops
  3729 | Orc:1    | Entered Level 1 of the Orcish Mines
  3900 | Orc:2    | Found a bloodstained altar of Trog.
  3954 | Orc:1    | Found a frozen archway.
  3988 | IceCv    | Entered an ice cave
  4128 | Orc:3    | Found Naunaufeme's Antique Armour Emporium.
  4150 | Orc:3    | Bought a pair of embroidered gloves for 117 gold pieces
  4156 | Orc:3    | Bought a glowing plate armour for 598 gold pieces
  4196 | Orc:3    | Reached skill level 14 in Axes
  4196 | Orc:3    | Reached XP level 12. HP: 90/109 MP: 14/14
  4236 | Orc:3    | Received a gift from Trog
  4258 | Orc:3    | Found a bloodstained altar of Trog.
  4620 | Orc:4    | Entered Level 4 of the Orcish Mines
  4620 | Orc:4    | Found Surchotie's Weapon Shop.
  4620 | Orc:4    | Found Loomuefe's Armour Shop.
  4620 | Orc:4    | Found Ruiz's Gadget Boutique.
  4620 | Orc:4    | Noticed an orc high priest
  4625 | Orc:4    | Found Huept's Food Boutique.
  4628 | Orc:4    | Killed an orc high priest
  4656 | Orc:4    | Received a gift from Trog
  4659 | Orc:4    | thx troll
  4680 | Orc:4    | ctrl q
  4727 | Orc:4    | Found a staircase to the Elven Halls.
  4749 | Elf:1    | Entered Level 1 of the Elven Halls
  4779 | Elf:1    | Noticed a deep elf annihilator
  4806 | Elf:1    | Killed a deep elf annihilator
  4806 | Elf:1    | Reached skill level 15 in Axes
  4961 | Elf:1    | Found Haerinaw's Weapon Emporium.
  4969 | Elf:1    | :win
  5115 | Elf:1    | Noticed a deep elf high priest
  5127 | Elf:1    | Gained mutation: You can use your snake-like lower body to constrict enemies. [Naga growth]
  5127 | Elf:1    | Reached XP level 13. HP: 53/117 MP: 5/15
  5137 | Elf:1    | Killed from afar by a deep elf high priest

Vault maps used:
D:1:      saegor_arrival_simple_f
D:2:      ashenzari_altar_1, tso_altar, uniq_sigmund
D:3:      okawaru_metal_pillars_3, kennysheep_cross_room, lemuel_another_geyser
D:4:      gammafunk_temple_overflow_statue, serial_glass, glass_columns_a,
          glass_columns_a, minmay_strange_pillars, minmay_strange_pillars
D:5:      first_bread
D:6:      temple_fountains, portal_sewer_entry_b, serial_co_window_serial,
          co_window_corner_a, co_window_corner_a, co_window_corner_a,
          co_window_corner_a, co_window_paths_a, co_window_of_opportunity_c,
          co_window_broadway_c, co_window_corner_b, co_window_paths_e,
          glass_columns_a, glass_columns_a, glass_columns_c,
          minmay_stone_trees_small, minmay_ruffians, uniq_prince_ribbit1
D:7:      yredelemnul_altar_generic, zin_statuary,
          nicolae_ru_sacrificial_ziggurat, uniq_joseph, uniq_menkaure
D:8:      lemuel_zombie_altar_kikubaaqudgha, lemuel_coloured_pillars_altar,
          elyvilon_altar_3, lair_0_dummy, serial_shops,
          nicolae_shop_statue_plus, uniq_erica
D:9:      grunt_gozag_statues, basic_altar
D:10:     kennysheep_kobold_lugonu_temple, uniq_nergalle
D:11:     hangedman_little_slice_of_home, centaur_isle, uniq_erolcha
D:12:     hiddenorc2_lemuel, basic_altar, nrook_mini_vaults, abandoned_shop,
          uniq_urug, uniq_rupert, uniq_snorg
Orc:1:    portal_ice_cave_entry_imps
Orc:2:    bloody_trog
Orc:3:    serial_shops, shop, nicolae_orc_pool_cavern, trog_hazing_becter
Orc:4:    st_orc_mages, uniq_nessos
Elf:1:    lemuel_ice_statue, serial_shops, nicolae_shop_crystal, minivault_28,
          nicolae_elf_glass_and_crystal_pillar_2, grunt_megastairs_2
IceCv:    ice_cave_statue_garden_02

Action                   |  1- 3 |  4- 6 |  7- 9 | 10-12 | 13-15 || total
-------------------------+-------+-------+-------+-------+-------++-------
Melee: Hand axe          |    43 |       |       |       |       ||    43
       War axe           |     7 |    30 |   117 |   370 |       ||   524
       Battleaxe         |       |       |       |   228 |     4 ||   232
Throw: Tomahawk          |       |       |       |     1 |       ||     1
Invok: Berserk           |     3 |     2 |    13 |    21 |       ||    39
       Trog's Hand       |       |       |     3 |    20 |       ||    23
       Brothers in Arms  |       |       |       |     3 |     1 ||     4
 Abil: Spit Poison       |     7 |     4 |    14 |    20 |       ||    45
Evoke: Wand              |       |       |       |    13 |       ||    13
  Use: Scroll            |       |       |     4 |     5 |       ||     9
  Eat: Chunk             |     1 |     3 |    16 |    36 |       ||    56
       Beef jerky        |       |       |     1 |       |       ||     1
